 Dungeon Sprint DCSS version 0.29.1-2-gbd0b4ee654 (webtiles) character file.

Game seed: 17025403791665375332

1948 Groucho the Cruncher (level 8, -5/84 HPs)
             Began as a Minotaur Gladiator on Oct 30, 2022.
             Was a Believer of Dithmenos.
             Killed from afar by a catoblepas (8 damage)
             ... with a blast of calcifying dust
             ... in the Dungeon (Sprint IX: "|||||||||||||||||||||||||||||").
             The game lasted 00:03:02 (1228 turns).

Groucho the Cruncher (Minotaur Gladiator)           Turns: 1228, Time: 00:03:03

Health: -5/84      AC: 11    Str: 25    XL:     8   Next: 98%
Magic:  7/7        EV: 15    Int:  5    God:    Dithmenos [**....]
Gold:   0          SH:  0    Dex: 14    Spells: 7/7 levels left

rFire   . . .      SeeInvis .   a - +0 quarterstaff
rCold   . . .      Faith    .   (shield currently unavailable)
rNeg    . . .      Spirit   .   p - +1 scale mail
rPois   .          Reflect  .   c - +0 hat
rElec   .          Harm     .   (no cloak)
rCorr   .          Rampage  .   o - +0 pair of gloves
Will    .....      NoTele   +   (no boots)
Stlth   ..........              (no amulet)
HPRegen 0.24/turn               q - +3 ring of strength
MPRegen 0.10/turn               r - +3 ring of strength

@: on berserk cooldown, slowed, wreathed by umbra, invisible (expiring), very
slow
A: horns 2, retaliatory headbutt
a: Renounce Religion, Shadow Step


You were in the Dungeon.
You worshipped Dithmenos.
Dithmenos was pleased with you.
You visited 1 branch

Inventory:

Hand Weapons
 a - a +0 quarterstaff (weapon)
 s - a +0 lajatang
Missiles
 d - 3 throwing nets (quivered)
 e - a javelin
Armour
 c - a +0 hat (worn)
 o - a +0 pair of gloves (worn)
 p - a +1 scale mail (worn)
Jewellery
 q - a +3 ring of strength (left hand)
 r - a +3 ring of strength (right hand)
Wands
 n - a wand of acid (10)
Scrolls
 k - 2 scrolls of blinking
 m - 2 scrolls of amnesia
Potions
 h - a potion of haste
 i - 4 potions of magic
 l - 3 potions of curing


   Skills:
 + Level 12.3 Fighting
 + Level 12.6 Staves
 - Level 2.0 Throwing
 + Level 12.0 Armour
 + Level 11.6 Dodging


You had 7 spell levels left.
You didn't know any spells.
Your spell library was empty.

Dungeon Overview and Level Annotations

Branches:
Dungeon (1/1)

Altars:
Cheibriados
Dithmenos
Elyvilon
Fedhas
Gozag
Hepliaklqana
Kikubaaqudgha
Makhleb
Nemelex Xobeh
Okawaru
Qazlal
Ru
Sif Muna
Trog
Uskayaw
Vehumet
Wu Jian
Xom
Yredelemnul
Zin
The Shining One
Jiyva
Lugonu


Innate Abilities, Weirdness & Mutations

You have a pair of horns on your head.
You reflexively headbutt those who attack you in melee.


Message History

The deep elf pyromancer is moving more slowly.
The deep elf pyromancer casts a spell.
You have turned to stone.
The fire elemental hits you. The fire elemental burns you!
The deep elf pyromancer is engulfed in calcifying dust.
The deep elf pyromancer stops moving altogether!
The fire elemental hits you. The fire elemental burns you!
You are no longer berserk.
You feel yourself slow down. The fire elemental hits you.
The fire elemental burns you!
* * * LOW HITPOINT WARNING * * *
The deep elf pyromancer is engulfed in calcifying dust.
The fire elemental hits you. The fire elemental burns you!
* * * LOW HITPOINT WARNING * * *
The fire elemental barely misses you.
The deep elf pyromancer is engulfed in calcifying dust.
The fire elemental hits you. The fire elemental burns you!
* * * LOW HITPOINT WARNING * * *
The deep elf pyromancer is engulfed in calcifying dust.
You flicker for a moment.
The fire elemental hits you. The fire elemental burns you!
* * * LOW HITPOINT WARNING * * *
The fire elemental hits you. The fire elemental burns you!
* * * LOW HITPOINT WARNING * * *
The fire elemental hits you. The fire elemental burns you!
* * * LOW HITPOINT WARNING * * *
The fire elemental hits you. The fire elemental burns you!
* * * LOW HITPOINT WARNING * * *
You turn to flesh and can move again.
Unknown command.
Unknown command.
The helpless deep elf pyromancer fails to defend itself.
You sock the deep elf pyromancer!
You kill the deep elf pyromancer!
Dithmenos accepts your kill.
The fire elemental disappears in a puff of smoke! x2
The deep elf pyromancer is no longer petrified.
The catoblepas breathes a plume of calcifying dust at you.
The blast of calcifying dust hits you!
You die... ▓▓▓▓▓▓▓▓▓▓▓▓▓▓▓▓▓▓▓▓▓▓▓ .)..[[..)[....e§@§Y§..+ ▓▓▓▓▓▓▓▓▓▓▓▓▓▓▓▓▓▓▓▓▓▓▓

You could see a catoblepas (unable to see you) and a deep elf pyromancer (unable to see you).

Vanquished Creatures
  2 deep elf pyromancers (D)
  A cyclops (D)
  A troll (D)
  A hornet (D)
  2 wyverns (D)
  An ogre (D)
  2 phantoms (D)
  A gnoll sergeant (D)
  An iguana (D)
  An orc wizard (D)
  An ufetubus (D)
  2 endoplasms (D)
  A kobold (D)
  A quokka (D)
  A goblin (D)
19 creatures vanquished.

Vanquished Creatures (others)
  A boulder beetle (D)
1 creature vanquished.

Grand Total: 20 creatures vanquished

Notes
Turn   | Place    | Note
-------+----------+-------------------------------------------
     0 | D        | Groucho the Minotaur Gladiator began the quest for the Orb.
     0 | D        | Reached XP level 1. HP: 18/18 MP: 0/0
     6 | D        | Reached skill level 1 in Armour
    18 | D        | Noticed a phantom
    18 | D        | Noticed an iguana
    18 | D        | Noticed a phantom
    18 | D        | Noticed an ogre
    25 | D        | Killed a phantom
    26 | D        | Reached skill level 5 in Fighting
    26 | D        | Reached skill level 5 in Dodging
    26 | D        | Reached XP level 2. HP: 2/29 MP: 1/1
    26 | D        | Reached XP level 3. HP: 3/36 MP: 2/2
    26 | D        | Reached XP level 4. HP: 3/42 MP: 3/3
    36 | D        | Reached skill level 5 in Armour
    41 | D        | Killed a phantom
    42 | D        | Reached XP level 5. HP: 11/52 MP: 4/4
    47 | D        | Killed an ogre
    48 | D        | Reached XP level 6. HP: 7/61 MP: 5/5
   621 | D        | Found a snail-covered altar of Cheibriados.
   621 | D        | Found a shadowy altar of Dithmenos.
   621 | D        | Found a white marble altar of Elyvilon.
   621 | D        | Found a blossoming altar of Fedhas.
   621 | D        | Found an opulent altar of Gozag.
   622 | D        | Found a hazy altar of Hepliaklqana.
   623 | D        | Found a viscous altar of Jiyva.
   624 | D        | Found an ancient bone altar of Kikubaaqudgha.
   625 | D        | Found a corrupted altar of Lugonu.
   626 | D        | Found a burning altar of Makhleb.
   628 | D        | Became a worshipper of Dithmenos the Shadowed
   630 | D        | Found a sparkling altar of Nemelex Xobeh.
   631 | D        | Found an iron altar of Okawaru.
   632 | D        | Found a stormy altar of Qazlal.
   633 | D        | Found a sacrificial altar of Ru.
   634 | D        | Found a shimmering blue altar of Sif Muna.
   635 | D        | Found a bloodstained altar of Trog.
   636 | D        | Found a hide-covered altar of Uskayaw.
   637 | D        | Found a radiant altar of Vehumet.
   638 | D        | Found an ornate altar of the Wu Jian Council.
   639 | D        | Found a shimmering altar of Xom.
   640 | D        | Found a basalt altar of Yredelemnul.
   641 | D        | Found a glowing silver altar of Zin.
   642 | D        | Found a glowing golden altar of the Shining One.
   703 | D        | Noticed a troll
   703 | D        | Noticed a wyvern
   703 | D        | Noticed a hornet
   703 | D        | Noticed a wyvern
   711 | D        | Killed a troll
   723 | D        | Killed a wyvern
   723 | D        | Reached * piety under Dithmenos
   724 | D        | Reached skill level 10 in Staves
   724 | D        | Reached XP level 7. HP: 44/71 MP: 6/6
   724 | D        | Paralysed by a hornet for 2 turns
   736 | D        | Killed a hornet
   737 | D        | Reached skill level 10 in Fighting
   737 | D        | Reached skill level 10 in Armour
   740 | D        | Killed a wyvern
   741 | D        | Reached skill level 10 in Dodging
   742 | D        | Reached ** piety under Dithmenos
   743 | D        | Reached XP level 8. HP: 24/81 MP: 7/7
  1191 | D        | Noticed a deep elf pyromancer
  1191 | D        | Noticed a boulder beetle
  1191 | D        | Noticed a cyclops
  1191 | D        | Noticed a deep elf pyromancer
  1191 | D        | Noticed a deep elf pyromancer
  1191 | D        | Noticed a catoblepas
  1196 | D        | Killed a deep elf pyromancer
  1214 | D        | Killed a boulder beetle
  1216 | D        | Killed a cyclops
  1227 | D        | HP: 3/84 [fire elemental[a deep elf pyromancer] (4)]
  1228 | D        | Killed a deep elf pyromancer
  1228 | D        | Killed from afar by a catoblepas

Illustrated notes

Levels and vault maps discovered:
D:        linesprint [early_d, line_temple, items_1, d_10, items_2, lair_1,
          lair_end, items_3, orc_1, orc_end, items_4, d_15, swamp_1, shoals_1,
          snake_1, spider_1, d_20, vaults_1, items_5, swamp_end, shoals_end,
          snake_end, spider_end, vaults_end, d_27, items_6, zot_1, zot_end,
          crypt_end, forest_end, elf_end, slime_end, tomb_end, abyss_end,
          pan_hell_end]

Skill      XL: |  1  2  3  4  5  6  7  8 |
---------------+-------------------------+-----
Armour         | 4 6 7 9 10 12 | 12.0
Fighting       | 5 7 9 10 12 | 12.3
Staves         | 6 7 8 10 11 12 | 12.6
Dodging        | 5 6 7 9 10 11 | 11.6
Throwing       | |  2.0

Action                   |  1- 3 |  4- 6 |  7- 9 || total
-------------------------+-------+-------+-------++-------
Melee: Quarterstaff      |    15 |    37 |    39 ||    91
       Headbutt          |       |     9 |    10 ||    19
  Use: Potion            |       |     3 |     4 ||     7
 Stab: Invisible         |       |       |     1 ||     1
       Petrified         |       |       |     1 ||     1
Armor: Leather armour    |     3 |     1 |       ||     4
       Scale mail        |       |     6 |    17 ||    23
Dodge: Dodged            |     2 |    29 |    34 ||    65
